 Dungeon Crawl Stone Soup version 0.27.0-1-g7a089689b8 (webtiles) character file.

Game seed: 14211812380526447140

1778 inmateoo the Martial Artist (level 9, 0/47 HPs)
             Began as a Vine Stalker Hedge Wizard on Aug 1, 2021.
             Slain by a killer bee (1 damage)
             ... on level 5 of the Dungeon.
             The game lasted 00:06:04 (4295 turns).

inmateoo the Martial Artist (VSWz)                  Turns: 4295, Time: 00:06:04

Health: 0/47       AC:  8    Str: 13    XL:     9   Next: 8%
Magic:  0/14       EV: 11    Int: 17    God:
Gold:   81         SH:  0    Dex: 14    Spells: 9/14 levels left

rFire    . . .     SeeInvis +   g - +8 short sword of Duty {venom, SInv}
rCold    + + .     Faith    .   (no shield)
rNeg     . . .     Spirit   +   c - +2 leather armour "Keoruyhi" {rC++}
rPois    .         Reflect  .   m - +0 helmet
rElec    .         Harm     .   p - +1 cloak
rCorr    .         Rampage  .   (no gloves)
Will     +....                  (no boots)
Stlth    ++........             (no amulet)
HPRegen  1.15/turn              (no ring)
MPRegen  0.14/turn              (no ring)

@: no status effects
A: fangs 3, regeneration 1, magic shield, antimagic bite, no potion heal 2
a: no special abilities


You were on level 5 of the Dungeon.
You visited 2 branches of the dungeon, and saw 6 of its levels.
You also visited: Sewer.

You collected 178 gold pieces.
You spent 97 gold pieces at shops.

Inventory:

Hand Weapons
 e - the +3 quarterstaff of Abuse {drain, rN+}
   (You found it on level 2 of the Dungeon)

   A truly terrible weapon, it drains the life of any living foe it strikes.
   rN:        It protects you from negative energy.
 g - the +8 short sword of Duty (weapon) {venom, SInv}
   (You took it off a hobgoblin on level 4 of the Dungeon)

   It poisons the flesh of those it strikes.
   SInv:      It lets you see invisible.
Armour
 c - the +2 leather armour "Keoruyhi" (worn) {rC++}
   (You found it on level 5 of the Dungeon)

   rC:        It greatly protects you from cold.
 m - a +0 helmet (worn)
 p - a +1 cloak (worn)
Scrolls
 b - 2 scrolls of blinking
 h - a scroll of fear
 k - 2 scrolls of teleportation
 l - a scroll of vulnerability
Potions
 a - a potion of berserk rage {unknown}
 d - 2 potions of mutation {unknown}
 f - 2 potions of flight
 j - a potion of might
 n - a potion of haste {unknown}


   Skills:
 - Level 5.0 Fighting
 - Level 1.5 Dodging
 - Level 2.4 Stealth
 + Level 9.8 Unarmed Combat
 - Level 3.2 Spellcasting
 - Level 1.0 Conjurations
 - Level 1.0 Summonings
 - Level 1.0 Translocations


You had 9 spell levels left.
You knew the following spells:

 Your Spells              Type           Power      Damage    Failure   Level
a - Magic Dart            Conj           24%        1d4       14%         1
b - Blink                 Tloc           N/A        N/A       22%         2
c - Call Imp              Summ           6%         N/A       22%         2

Your spell library contained the following spells:

 Spells                   Type           Power      Damage    Failure   Level
 Slow                     Hex            2%         N/A       32%         2
 Conjure Flame            Conj/Fire      4%         6-21      47%         3
 Mephitic Cloud           Conj/Pois/Air  3%         N/A       50%         3
 Manifold Assault         Tloc           6%         N/A       99%         5
 Storm Form               Tmut/Air       1%         N/A       100%        7


Dungeon Overview and Level Annotations

Branches:
Dungeon (5/15)             Temple (1/1) D:5           Sewer (visited)

Altars:
Ashenzari
Elyvilon
Gozag
Makhleb
Qazlal
Ru
Trog
Vehumet
Xom
Yredelemnul
Zin
The Shining One

Shops:
D:3 :?


Innate Abilities, Weirdness & Mutations

You have razor-sharp teeth.
Your natural rate of healing is unusually fast.
When hurt, damage is shared between your health and your magic reserves.
Your bite disrupts and absorbs the magic of your enemies.
Potions cannot restore your health.


Message History

You puncture the killer bee!
The killer bee is poisoned.
Your bite misses the killer bee.
The killer bee is heavily wounded.
You feel sick. The killer bee misses you.
The killer bee stings you but does no damage.
The killer bee barely misses you.
The killer bee stings you but does no damage.
The killer bee stings you. The killer bee closely misses you.
The killer bee stings you! The killer bee stings you.
Unknown command.
You miss the killer bee. You bite the killer bee.
You kill the killer bee!
You feel sick.
You kill the killer bee!
The killer bee stings you! The killer bee barely misses you.
The killer bee stings you but does no damage.
You have reached level 9!
Your experience leads to an increase in your attributes!
Increase (S)trength, (I)ntelligence, or (D)exterity?
You feel clever.
You hit the killer bee.
You kill the killer bee!
You feel sick. The killer bee stings you.
* * * LOW HITPOINT WARNING * * *
You are more poisoned.
The killer bee poisons you!
Unknown command.
Okay, then.
You hit the killer bee.
The killer bee is poisoned.
You bite the killer bee. You drain its power.
You feel invigorated.
The killer bee is severely wounded.
You feel sick. The killer bee barely misses you. The killer bee stings you.
* * * LOW HITPOINT WARNING * * *
You are more poisoned.
The killer bee poisons you! The killer bee stings you!
* * * LOW HITPOINT WARNING * * *
Your system rejects the healing.
You feel better. The killer bee stings you!
* * * LOW HITPOINT WARNING * * *
The killer bee stings you.
You die...

#.###.####.#######.##
#.# #.####.#######.#
#.# #.##...........#
#.# #.##.#.#########
#.# #......# ######
#.###..#######...##
#.....##..$###...##
##..###yyZ.###...##
##.##.@#..##.....#
#.#..##..#...#?..
#.#..###....###.Z
#.#..###....###.y
#.#..####...###..
#....############
#...## #..## ####


You could see 2 killer bees and a hound zombie.

Vanquished Creatures
  Pikel (D:5)
  Sigmund (D:5)
  A necrophage (D:5)
  A lemure (D:5)
  A kobold brigand (Sewer)
  A gnoll sergeant (D:5)
  3 scorpions (D:5)
  4 killer bees (D:5)
  A howler monkey (D:4)
  4 hounds
  Crazy Yiuf (D:4)
  Jessica (D:2)
  2 iguanas
  10 gnolls
  A howler monkey skeleton (D:5)
  3 river rats (Sewer)
  8 adders
  3 ufetubi
  4 worms
  3 dart slugs
  7 orcs
  7 endoplasms
  4 giant cockroaches
  6 goblins
  7 hobgoblins
  2 jackals (Sewer)
  7 quokkas
  5 ball pythons
  5 bats
  A frilled lizard (D:3)
  9 kobolds
  A quokka skeleton (D:4)
  10 rats
125 creatures vanquished.

Vanquished Creatures (collateral kills)
  A worm (D:2)
  A dart slug (D:2)
  An endoplasm (D:1)
3 creatures vanquished.

Grand Total: 128 creatures vanquished

Notes
Turn   | Place    | Note
-------+----------+-------------------------------------------
     0 | D:1      | inmateoo the Vine Stalker Hedge Wizard began the quest for
                  | the Orb.
     0 | D:1      | Reached XP level 1. HP: 9/9 MP: 5/5
   300 | D:1      | Reached skill level 1 in Unarmed Combat
   300 | D:1      | Reached XP level 2. HP: 14/14 MP: 4/7
   304 | D:1      | Learned a level 2 spell: Blink
   307 | D:1      | Learned a level 2 spell: Call Imp
   329 | D:1      | Reached skill level 1 in Fighting
  1034 | D:2      | Identified the +3 quarterstaff of Abuse {drain, rN+}
  1078 | D:2      | Reached XP level 3. HP: 18/18 MP: 4/8
  1289 | D:2      | Noticed Jessica
  1295 | D:2      | Killed Jessica
  1296 | D:2      | Reached skill level 2 in Unarmed Combat
  1347 | D:2      | Gained mutation: Your natural rate of healing is unusually
                  | fast. [Vine Stalker growth]
  1347 | D:2      | Reached XP level 4. HP: 23/23 MP: 4/9
  1841 | D:3      | Reached skill level 3 in Unarmed Combat
  1844 | D:3      | Reached XP level 5. HP: 27/27 MP: 10/10
  2263 | D:3      | Found Qysob's Book Shoppe.
  2418 | D:3      | Found Por Bonteme's Magic Scroll Shop.
  2426 | D:3      | Bought a scroll of blinking for 97 gold pieces
  2557 | D:4      | Found a runed translucent door.
  2558 | D:4      | Noticed Crazy Yiuf
  2584 | D:4      | Reached skill level 4 in Unarmed Combat
  2584 | D:4      | Reached XP level 6. HP: 32/32 MP: 9/11
  2712 | D:4      | Identified the +8 short sword of Duty {venom, SInv}
  3204 | D:4      | Found a burning altar of Makhleb.
  3333 | D:4      | Killed Crazy Yiuf
  3334 | D:4      | Reached XP level 7. HP: 22/37 MP: 7/12
  3397 | D:5      | Entered Level 5 of the Dungeon
  3407 | D:5      | Identified the +2 leather armour "Keoruyhi" {rC++}
  3437 | D:5      | Reached skill level 5 in Unarmed Combat
  3458 | D:5      | Found a glowing drain.
  3474 | Sewer    | Entered a sewer
  3557 | Sewer    | Reached skill level 5 in Fighting
  3580 | Sewer    | Found a white marble altar of Elyvilon.
  3693 | D:5      | Found a white marble altar of Elyvilon.
  3713 | D:5      | Noticed Pikel
  3733 | D:5      | Killed Pikel
  3734 | D:5      | Reached skill level 7 in Unarmed Combat
  3734 | D:5      | Gained mutation: You have razor-sharp teeth. [Vine Stalker
                  | growth]
  3734 | D:5      | Reached XP level 8. HP: 42/43 MP: 10/13
  3869 | D:5      | Reached skill level 8 in Unarmed Combat
  4109 | D:5      | Noticed Sigmund
  4110 | D:5      | Found a staircase to the Ecumenical Temple.
  4116 | D:5      | Killed Sigmund
  4117 | D:5      | Reached skill level 9 in Unarmed Combat
  4122 | Temple   | Entered the Ecumenical Temple
  4293 | D:5      | Reached XP level 9. HP: 14/47 MP: 4/14
  4295 | D:5      | HP: 1/47 [killer bee (5)]
  4295 | D:5      | Slain by a killer bee

Illustrated notes

Levels and vault maps discovered:
D:1:      dpeg_arrival_arbitrary_c, layout_loops_ring
D:2:      minmay_recursive_quarters, layout_basic, uniq_jessica
D:3:      layout_basic, serial_shops, shop_statue, nicolae_shop_window_shopping,
          palyth_stone_intersect
D:4:      layout_gridville, mainiacjoe_overflow_alcove_2, grunt_decor_arrowhead,
          chequers_jeans, hangedman_decor_clover_reticule, minmay_between,
          uniq_crazy_yiuf_cottage
D:5:      layout_loops_cross, kennysheep_mini, minmay_temple_entry_slanted,
          gup_sewer_entry_glass, minmay_misc_feat_square, hangedman_glass_teeth,
          st_stairs_1, minmay_stone_trees_medium, uniq_pikel, uniq_sigmund
Temple:   eino_wide_crystal_templ

Skill      XL: |  1  2  3  4  5  6  7  8 |
---------------+-------------------------+-----
Unarmed Combat | 1 2 3 4 7 9 |  9.8
Fighting       | 1 2 3 4 5 |  5.0
Dodging        | |  1.5
Stealth        | |  2.4
Spellcasting   | |  3.2
Conjurations   | |  1.0
Summonings     | |  1.0
Translocations | |  1.0

Action                   |  1- 3 |  4- 6 |  7- 9 || total
-------------------------+-------+-------+-------++-------
Melee: Dagger            |     8 |       |       ||     8
       Bite              |     3 |    34 |    25 ||    62
       Quarterstaff      |     6 |   108 |       ||   114
       Short sword       |       |    55 |   106 ||   161
       Punch             |       |       |     5 ||     5
 Cast: Magic Dart        |    36 |     1 |       ||    37
       Call Imp          |     2 |     1 |       ||     3
  Use: Scroll            |     6 |     2 |     3 ||    11
       Potion            |       |     1 |     1 ||     2
 Stab: Sleeping          |     4 |     3 |     4 ||    11
       Distracted        |       |       |     1 ||     1
Armor: Robe              |     4 |     3 |       ||     7
       Ring mail         |       |    51 |     1 ||    52
       Leather armour    |       |       |    24 ||    24
Dodge: Dodged            |     7 |    97 |    61 ||   165
